 Dungeon Sprint DCSS version 0.17-a0-1718-g72dbe4d (webtiles) character file.

96 nuthulu the Skirmisher (level 4, -7/34 HPs)
             Began as a Gargoyle Fighter on Aug 26, 2015.
             Mangled by a water elemental (16 damage)
             ... in the Dungeon (Sprint III: "The Ten Rune Challenge").
             The game lasted 00:01:21 (327 turns).

nuthulu the Skirmisher (Gargoyle Fighter)            Turns: 327, Time: 00:01:22

Health: -7/34      AC: 12    Str: 19    XL:     4   Next: 67%
Magic:  4/4        EV:  7    Int:  9    God:
Gold:   30         SH:  9    Dex: 12    Spells: 0 memorised, 3 levels left

rFire  . . .     SeeInvis .     a - +0 flail
rCold  . . .     Clarity  .     b - +0 scale mail
rNeg   + . .     SustAt   .     c - +0 shield
rPois  ∞         Gourm    .     (no helmet)
rElec  +         Spirit   .     (no cloak)
rCorr  .         Warding  .     (no gloves)
rMut   .         NoTele   +     (no boots)
MR     .....                    (no amulet)
Stlth  ..........               (no ring)
                                (no ring)

@: not resistant to hostile enchantments, extremely unstealthy
A: talons 2, thin metallic scales 1, agile 1, blink 1, breathe flames 1,
negative energy resistance 1, electricity resistance, unbreathing, petrification
resistance, rot immunity, subdued magic 1, AC +3
a: Blink, Breathe Fire


You were in the Dungeon.
You were not hungry.

You visited 1 branch You collected 30 gold pieces.

Inventory:

Hand weapons
 a - a +0 flail (weapon)
Armour
 b - a +0 scale mail (worn)
 c - a +0 shield (worn)
Scrolls
 k - a scroll of blinking
 n - 2 scrolls of torment {unknown}
 o - 3 scrolls of identify
 p - 2 scrolls of remove curse {unknown}
Potions
 f - a potion of curing
 h - a potion of haste
 i - 2 potions of magic
 j - a potion of berserk rage
 l - 4 potions of flight
 r - a potion of invisibility {unknown}
 t - 2 potions of cure mutation
Comestibles
 e - a bread ration
 q - a meat ration
 s - a royal jelly


   Skills:
 + Level 7.5 Fighting
 + Level 6.4 Maces & Flails
 - Level 3.4 Armour
 - Level 3.4 Shields


You had 3 spell levels left.
You didn't know any spells.

Dungeon Overview and Level Annotations

Branches:
Dungeon (1/1)

Altars:


Innate Abilities, Weirdness & Mutations

You are resistant to torment.
Your stone body is resilient (AC +3).
You are immune to poison.
You resist negative energy.
You are resistant to electric shocks.
You can survive without breathing.
You are immune to petrification.
You are immune to rotting.
You have razor-sharp toenails.
You are partially covered in thin metallic scales (AC +2).
You are agile. (Dex +2)
You can translocate small distances at will.
You can breathe flames.
Your spells are a little easier to cast, but a little less powerful.


Message History

The water elemental is heavily damaged.
The water elemental hits you!
You hit the water elemental but do no damage.
The water elemental is moderately damaged.
The water elemental closely misses you.
With effort, you pull free of the water engulfing you.
The water engulfing you falls away. The water elemental hits you!
* * * LOW HITPOINT WARNING * * *
The water elemental engulfs you in water!
You see here a human skeleton.
You hit the water elemental.
You claw the water elemental, but do no damage.
The water elemental is heavily damaged.
The water elemental hits you.
With effort, you pull free of the water engulfing you.
The water engulfing you falls away. You block the water elemental's attack.
You hit the water elemental.
The water elemental is heavily damaged.
The water elemental hits you!
You die...

▓▓▓▓▓▓▓▓▓ ▓▓▓
▓<..#...#### ##.#
▓...#......#####..#
▓..##.......#..#..#
▓##.##.##...#..#..# #+#+#
##.##.###..##'#..#......
▓#.####.##..###...'.⌠....
▓.###..##..####...#...###
▓#..†..##[@###....# ⌠.#
###..##..E##.....# .#
##..##....#......# #
#..###..##.#.....# #..#
#.. ####....# ▓▓▓▓ ▓▓▓
▓▓▓▓▓▓


You could see a water elemental.

Vanquished Creatures
  A scorpion (D)
  Jessica (D)
  A human (D)
  3 rats (D)
6 creatures vanquished.

Vanquished Creatures (others)
  2 draconian scorchers (D)
  2 yaktaurs (D)
4 creatures vanquished.

Grand Total: 10 creatures vanquished

Notes
Turn   | Place    | Note
--------------------------------------------------------------
     0 | D        | nuthulu the Gargoyle Fighter began the quest for the Orb.
     0 | D        | Reached XP level 1. HP: 14/14 MP: 1/1
    44 | D        | Noticed Jessica
    51 | D        | Killed a yaktaur
    62 | D        | Killed Jessica
    62 | D        | Reached skill level 5 in Fighting
    62 | D        | Reached XP level 2. HP: 18/21 MP: 2/2
    62 | D        | Reached XP level 3. HP: 22/26 MP: 3/3
   110 | D        | Noticed a scorpion
   125 | D        | Reached skill level 6 in Fighting
   125 | D        | Reached skill level 5 in Maces & Flails
   144 | D        | Killed a white draconian scorcher
   150 | D        | Killed a white draconian scorcher
   176 | D        | Killed a scorpion
   176 | D        | Reached skill level 7 in Fighting
   176 | D        | Reached XP level 4. HP: 21/34 MP: 4/4
   242 | D        | Killed a yaktaur
   290 | D        | Gained mutation: Your spells are a little easier to cast, but a little less powerful. [potion of mutation]
   290 | D        | Gained mutation: You have sharp toenails. [potion of mutation]
   290 | D        | Gained mutation: You are partially covered in thin metallic scales (AC +2). [potion of mutation]
   291 | D        | Gained mutation: You are agile. (Dex +2) [potion of mutation]
   291 | D        | Gained mutation: You can breathe flames. [potion of mutation]
   291 | D        | Gained mutation: Your magical capacity is low (-10% MP). [potion of mutation]
   292 | D        | Gained mutation: You can translocate small distances at will. [potion of mutation]
   292 | D        | Gained mutation: You have razor-sharp toenails. [potion of mutation]
   292 | D        | Lost mutation: Your magical capacity is low (-10% MP). [potion of mutation]
   306 | D        | Noticed a water elemental
   327 | D        | Mangled by a water elemental

Vault maps used:
D:        dungeon_sprint_mu

Action                   |  1- 3 |  4- 6 || total
-------------------------+-------+-------++-------
Melee: Flail             |    33 |    10 ||    43
  Use: Potion            |     1 |     4 ||     5
       Scroll            |       |     1 ||     1
